 Dungeon Crawl Stone Soup version 0.31-a0-1002-g8e65716e6e (webtiles) character file.

Game seed: 14369329352207450556

2189617 Jannitor the Slayer (level 27, 284/284 HPs)
             Began as a Naga Delver on Nov 9, 2023.
             Was the Champion of Makhleb.
             Escaped with the Orb
             ... and 4 runes on Nov 10, 2023!
             The game lasted 03:02:52 (77064 turns).

Jannitor the Slayer (Naga Delver)                  Turns: 77064, Time: 03:02:52

Health: 284/284    AC: 39    Str: 26    XL:     27
Magic:  31/32      EV: 21    Int: 23    God:    Makhleb [******]
Gold:   5530       SH:  0    Dex: 15    Spells: 24/26 levels left

rFire   + + +        b - +7 great mace "Firestarter" {flame, immolate, rFlCloud rF++}
rCold   + + +        (shield currently unavailable)
rNeg    + + .        u - +4 skin of Zhor {*Englaciate rC+++ SInv}
rPois   +            S - +2 helmet {Int+3}
rElec   +            I - scarf {rC+ rF+}
rCorr   .            t - +1 pair of gloves of Awe {Rampage Will+ Dex+3}
SInv    +            p - +10 Black Knight's barding {ponderous, rPois rN+}
Will    +++++        Y - amulet of Xaula {Acrobat +Inv rElec Regen+ Dex-4}
Stlth   ++           D - ring "Koagit" {rF+ rN+ Str+4 Int+6}
HPRegen 1.47/turn    T - +5 ring of evasion
MPRegen 0.23/turn

%: acrobat, rampage
@: studying Shapeshifting, very slow
A: AC +9, large, see invisible, deformed body, poison resistance, slowness 2,
spit poison 1, naga tail 2, stinger 1, low MP 1, strong-willed 1, evolution 1,
inability to drink after injury 1, MP-powered wands
0: Orb of Zot
}: 4/15 runes: barnacled, silver, abyssal, gossamer
a: Spit Poison, Renounce Religion, Evoke Invisibility, Minor Destruction, Lesser
Servant of Makhleb, Major Destruction, Greater Servant of Makhleb


You escaped.
You worshipped Makhleb.
Makhleb was exalted by your worship.
You visited 11 branches of the dungeon, and saw 51 of its levels.
You visited the Abyss 2 times.
You also visited: Trove and Ice Cave.

You collected 9906 gold pieces.
You spent 4376 gold pieces at shops.

Inventory:

Hand Weapons
 a - the +27 heavy crossbow "Sniper" {heavy, Acc+∞ SInv}
   (You took it off a centaur warrior on level 12 of the Dungeon)

   Acc+∞: It never misses its target.
   SInv:      It lets you see invisible.
 b - the +7 great mace "Firestarter" (weapon) {flame, immolate, rFlCloud rF++}
   (You bought it in a shop on level 9 of the Dungeon)

   rFlCloud:  It grants immunity to clouds of flame.
   rF++:      It greatly protects you from fire.
Armour
 p - the +10 Black Knight's barding (worn) {ponderous, rPois rN+}
   (You acquired it on level 3 of the Depths)

   rPois:     It protects you from poison rN+: It protects you from negative
   energy.
 t - the +1 pair of gloves of Awe (worn) {Rampage Will+ Dex+3}
   (You found it on level 5 of the Vaults)

   Dex+3:     It affects your dexterity (+3).
   Will+:     It increases your willpower.
   Rampage:   It bestows one free step when moving towards enemies.
 u - the +4 skin of Zhor (worn) {*Englaciate rC+++ SInv}
   (You took it off an ironbound convoker on level 5 of the Vaults)

   *Englaciate: It radiates cold, occasionally slowing all nearby creatures who
   are not resistant to cold.
   rC+++:     It renders you almost immune to cold.
   SInv:      It lets you see invisible.
 I - a scarf of resistance (worn)
 O - +2 storm dragon scales
 S - a +2 helmet of intelligence (worn)
Jewellery
 h - a ring of Upilady {rElec rCorr}
   (You took it off a deep elf death mage on level 3 of the Elven Halls)

   [ring of resist corrosion]

   rElec:     It insulates you from electricity.
   rCorr:     It protects you from acid and corrosion.
 r - the ring "Cedoijoq" {Fly rElec rF+ Will- Dex+3 SInv}
   (You found it in a treasure trove)

   [ring of flight]

   Dex+3:     It affects your dexterity (+3).
   rF+:       It protects you from fire.
   rElec:     It insulates you from electricity.
   Will-:     It decreases your willpower.
   SInv:      It lets you see invisible.
   Fly:       It grants you flight.
 x - the ring "Muelaf" {Will+ Int+2}
   (You found it on level 11 of the Dungeon)

   [ring of willpower]

   Int+2:     It affects your intelligence (+2).
   Will+:     It increases your willpower.
 D - the ring "Koagit" (left hand) {rF+ rN+ Str+4 Int+6}
   (You found it on level 4 of the Shoals)

   [ring of positive energy]

   Str+4:     It affects your strength (+4).
   Int+6:     It affects your intelligence (+6).
   rF+:       It protects you from fire.
   rN+:       It protects you from negative energy.
 M - a ring of protection from cold
 T - a +5 ring of evasion (right hand)
 Y - the amulet of Xaula (around neck) {Acrobat +Inv rElec Regen+ Dex-4}
   (You found it on level 2 of the Depths)

   [amulet of the acrobat]

   Acrobat:   It increases your evasion while moving and waiting.
   Dex-4:     It affects your dexterity (-4).
   rElec:     It insulates you from electricity.
   +Inv:      It lets you turn invisible.
   Regen+:    It increases your rate of health regeneration.
Wands
 g - a wand of digging (11)
 j - a wand of quicksilver (19)
 q - a wand of polymorph (8)
 A - a wand of roots (32)
 K - a wand of mindburst (76)
 Q - a wand of charming (45)
 V - a wand of flame (61)
Scrolls
 c - 8 scrolls of fog
 d - 13 scrolls of revelation
 f - 2 scrolls of enchant weapon
 m - 4 scrolls of torment
 o - 6 scrolls of poison
 s - 3 scrolls of teleportation
 y - 2 scrolls of enchant armour
 E - 2 scrolls of silence
 P - 7 scrolls of vulnerability
 R - 40 scrolls of identify
 U - 6 scrolls of fear
 X - 2 scrolls of immolation
Potions
 e - 8 potions of ambrosia
 i - a potion of invisibility
 k - 3 potions of resistance
 l - 6 potions of mutation
 n - a potion of magic
 v - 8 potions of lignification
 w - 14 potions of attraction
 z - 3 potions of brilliance
 B - 3 potions of heal wounds
 C - 5 potions of berserk rage
 G - 12 potions of curing
 H - 5 potions of enlightenment
 N - 2 potions of cancellation
 W - 2 potions of might
Miscellaneous
 Z - a phial of floods


   Skills:
 + Level 23.7 Fighting
 - Level 20.0 Maces & Flails
 + Level 21.0 Ranged Weapons
 + Level 17.4 Armour
 + Level 17.3 Dodging
 - Level 7.2 Stealth
 - Level 10.2 Shields
 - Level 17.9 Invocations


You had 24 spell levels left.
You knew the following spells:

 Your Spells              Type           Power      Damage    Failure   Level
a - Poisonous Vapours     Pois/Air       0%         N/A       24%         2

Your spell library contained the following spells:

 Spells                   Type           Power      Damage    Failure   Level
 Foxfire                  Conj/Fire      0%         2x1d4     16%         1
 Freeze                   Ice            0%         1d3       16%         1
 Kiss of Death            Conj/Necr      0%         2d5       16%         1
 Magic Dart               Conj           0%         1d3       16%         1
 Necrotise                Necr           0%         1d4       16%         1
 Sandblast                Erth           0%         2d4       16%         1
 Shock                    Conj/Air       0%         1d3       16%         1
 Sting                    Tmut/Pois      0%         1d3       16%         1
 Blink                    Tloc           0%         N/A       24%         2
 Call Imp                 Summ           0%         N/A       24%         2
 Cigotuvi's Dreadful Rot  Necr/Pois/Air  0%         N/A       24%         2
 Ensorcelled Hibernation  Hex/Ice        0%         N/A       24%         2
 Jinxbite                 Hex            0%         N/A       24%         2
 Passwall                 Tmut/Erth      0%         N/A       24%         2
 Scorch                   Fire           0%         2d5       24%         2
 Searing Ray              Conj           0%         2d4       24%         2
 Sublimation of Blood     Necr           0%         N/A       24%         2
 Wereblood                Tmut           0%         N/A       24%         2
 Dazzling Flash           Conj/Hex       0%         N/A       43%         3
 Frozen Ramparts          Ice            0%         1d1       43%         3
 Hailstorm                Conj/Ice       0%         3d3       43%         3
 Ignite Poison            Fire/Tmut/Pois 0%         N/A       43%         3
 Mephitic Cloud           Conj/Pois/Air  0%         N/A       43%         3
 Ozocubu's Armour         Ice            0%         N/A       43%         3
 Stone Arrow              Conj/Erth      0%         3d7       43%         3
 Tukima's Dance           Hex            0%         N/A       43%         3
 Vampiric Draining        Necr           0%         2d6       43%         3
 Volatile Blastmotes      Fire/Tloc      0%         2d10      43%         3
 Airstrike                Air            0%         2d(0-16)  83%         4
 Anguish                  Hex/Necr       0%         N/A       83%         4
 Animate Armour           Summ/Erth      0%         N/A       83%         4
 Animate Dead             Necr           0%         N/A       83%         4
 Brom's Barrelling Bould  Conj/Erth      0%         2d3       83%         4
 Cause Fear               Hex            0%         N/A       83%         4
 Dimensional Bullseye     Hex/Tloc       0%         N/A       83%         4
 Dispel Undead            Necr           0%         3d6       83%         4
 Flame Wave               Conj/Fire      0%         2d4       83%         4
 Fulminant Prism          Conj/Hex       0%         3d5       83%         4
 Iskenderun's Mystic Bla  Conj/Tloc      0%         2d3       83%         4
 Leda's Liquefaction      Hex/Erth       0%         N/A       83%         4
 Manifold Assault         Tloc           0%         N/A       83%         4
 Olgreb's Toxic Radiance  Pois           0%         N/A       83%         4
 Passage of Golubria      Tloc           0%         N/A       83%         4
 Petrify                  Tmut/Erth      0%         N/A       83%         4
 Sticky Flame             Conj/Fire      0%         2d3       83%         4
 Summon Ice Beast         Ice/Summ       0%         N/A       83%         4
 Vhi's Electric Charge    Tloc/Air       0%         N/A       83%         4
 Alistair's Intoxication  Tmut/Pois      0%         N/A       99%         5
 Arcjolt                  Conj/Air       0%         1d10      99%         5
 Borgnjor's Vile Clutch   Necr/Erth      0%         N/A       99%         5
 Fireball                 Conj/Fire      0%         3d3       99%         5
 Freezing Cloud           Conj/Ice/Air   0%         6-21      99%         5
 Irradiate                Conj/Tmut      0%         3d11      99%         5
 Iskenderun's Battlesphe  Conj           0%         2d6       99%         5
 Lee's Rapid Deconstruct  Erth           0%         3d4*      99%         5
 Metabolic Englaciation   Hex/Ice        0%         N/A       99%         5
 Summon Forest            Summ/Tloc      0%         N/A       99%         5
 Summon Mana Viper        Hex/Summ       0%         N/A       99%         5
 Yara's Violent Unravell  Hex/Tmut       0%         3d3       99%         5
 Bombard                  Conj/Erth      0%         9d1       100%        6
 Conjure Ball Lightning   Conj/Air       0%         3x3d6     100%        6
 Death Channel            Necr           0%         N/A       100%        6
 Dispersal                Tloc           0%         N/A       100%        6
 Eringya's Noxious Bog    Tmut/Pois      0%         4d6       100%        6
 Plasma Beam              Fire/Air       0%         2x1d10    100%        6
 Simulacrum               Ice/Necr       0%         N/A       100%        6
 Starburst                Conj/Fire      0%         6d3       100%        6
 Summon Cactus Giant      Summ           0%         N/A       100%        6
 Monstrous Menagerie      Summ           0%         N/A       100%        7
 Orb of Destruction       Conj           0%         9d5       100%        7
 Ozocubu's Refrigeration  Ice            0%         4d7       100%        7
 Summon Hydra             Summ           0%         N/A       100%        7
 Borgnjor's Revivificati  Necr           0%         N/A       100%        8
 Discord                  Hex            0%         N/A       100%        8
 Disjunction              Tloc           0%         N/A       100%        8
 Ignition                 Fire           0%         3d3       100%        8
 Lehudib's Crystal Spear  Conj/Erth      0%         10d2      100%        8
 Maxwell's Capacitive Co  Air            0%         ∞         100%        8
 Chain Lightning          Conj/Air       0%         N/A       100%        9
 Dragon's Call            Summ           0%         N/A       100%        9
 Fire Storm               Conj/Fire      0%         5d1       100%        9
 Shatter                  Erth           0%         3d5*      100%        9


Dungeon Overview and Level Annotations

Branches:
Dungeon (15/15)            Temple (1/1) D:4            Lair (5/5) D:9
 Shoals (4/4) Lair:2       Spider (4/4) Lair:3        Slime (0/5) Lair:5
    Orc (2/2) D:11            Elf (3/3) Orc:2        Vaults (5/5) D:14
  Crypt (3/3) Vaults:3       Tomb (0/3) Crypt:3      Depths (4/4) D:15
    Zot (5/5) Depths:4      IceCv (visited)

Altars:
Ashenzari
Cheibriados
Dithmenos
Elyvilon
Fedhas
Gozag
Hepliaklqana
Kikubaaqudgha
Makhleb
Nemelex Xobeh
Okawaru
Qazlal
Ru
Sif Muna
Trog
Uskayaw
Vehumet
Wu Jian
Xom
Yredelemnul
Zin
The Shining One

Shops:
D:7 :   D:8 [   D:9 (   Orc:1 =   Orc:2 =*[   Shoals:2 (   Shoals:3 !
Vaults:3 ?

Portals:
Hell: Depths:1 Depths:2 Depths:3 Depths:4
Abyss: Depths:2 Depths:3 Depths:4
Pandemonium: Depths:1 Depths:2
Ziggurat: Depths:2

Annotations:
Shoals:1 Roxanne
Elf:2 4 runed translucent doors, Yphese Lihe's ghost, adept MiFi
Elf:3 2 runed translucent doors, BinkBink's ghost, adept MiFi
Crypt:1 1 runed translucent door, Nedaafist's ghost, adept DgNe


Innate Abilities, Weirdness & Mutations

Your serpentine skin is tough. (AC +9)
You have supernaturally acute eyesight. (SInv)
Armour fits poorly on your strangely shaped body.
Your system is resistant to poisons. (rPois)
You cover ground very slowly.
You can spit poison.
You can use your snake-like lower body to constrict enemies.
Your tail ends in a venomous barb.
Your magical capacity is low. (-10% MP)
You are strong-willed. (Will+)
You have hidden genetic potential.
You occasionally lose the ability to drink potions when taking damage.
You expend magic power (3 MP) to strengthen your wands.


Message History

The angel is heavily wounded.
You radiate an aura of cold.
The angel resists.
You constrict the angel.
Flame seeps out of the angel.
The angel is engulfed in blazing flames.
Flame seeps out of the angel.
The angel hits you but does no damage. x2
You beat the angel like a drum!!!
You burn the angel!! Makhleb accepts your kill.
You feel better.
The angel explodes!
The fiery explosion engulfs you! You resist.
Unknown command.
What level of the Dungeon? (default 1, ? - help)
There is a stone staircase leading up here.
You climb upwards.
HP restored.
Magic restored.
There is a stone staircase leading down here.
There is an open door here.
There is an open door here.
There is a stone staircase leading up here.
You climb upwards.
There is a stone staircase leading down here.
A ynoxinul comes into view.
Aiming: Dig
Press: ? - help, Shift-Dir - straight line A rock wall.
This square is covered in magical glow.
You feel a surge of power!
The rock shatters into small pieces.
The ynoxinul gestures.
You radiate an aura of cold.
The ufetubus is unaffected.
The ufetubus attacks as it pursues you! The ufetubus completely misses you. x3
The ufetubus closely misses you.
You radiate an aura of cold.
The ufetubus is unaffected.
The ufetubus barely misses you. The ufetubus completely misses you.
There is a staircase leading out of the dungeon here.
The ufetubus slips past you!
The ufetubus hits you but does no damage.
The ufetubus completely misses you.
The ynoxinul gestures.
The ufetubus closely misses you.
The ufetubus hits you but does no damage.
You have escaped!

..##..#....##.#####...§§.§......#
..##..#.##....# ##.....§§§.......
......#.##..#.# #.)....§.####...[
..##....###.#.###......### ###..
.......####.#.##......## ##.
########....#.##.....## ##
.#....##.##...##.....# #
.........##..)##5...## #
.#.#.##..##...#8@...#
...#.##.......##....#
.....##.......##....## #
..##.##.......#3.....# #
.....[.........#.5...## ##
...............##5....## ##.
...............##...§§§### ###..
................##.§§§§§.####....
............#...###.§§...§......#


You could see a ynoxinul and 3 ufetubi.

Vanquished Creatures
  6 dread liches
  2 ancient liches (Zot:5)
  Mara (Depths:2)
  7 orbs of fire
  2 juggernauts
  Boris (twice) (Crypt:3 Depths:4)
  3 Killer Klowns (Zot:5)
  Bai Suzhen (Vaults:2)
  The ghost of crabbyslav the Slayer, a master VSBe of Trog (Zot:5)
  Xtahua (Vaults:4)
  2 curse toes (Zot:2)
  9 golden dragons
  2 bone dragons
  2 electric golems (Zot:5)
  Jorgrun (Shoals:1)
  A hellephant (Abyss:4)
  27 Orb Guardians
  7 liches
  A walking crystal tome (Depths:2)
  Mlioglotl (Shoals:1)
  19 tentacled monstrosities
  A shard shrike skeleton (Crypt:3)
  2 pandemonium lords
  A deep elf master archer (Elf:3)
  8 sphinxes
  7 titans
  A walking frostbound tome (Depths:3)
  4 tentacled starspawn (Abyss:4)
  A deep elf blademaster (Elf:3)
  Asterion (Elf:1)
  14 death cobs
  4 quicksilver dragons
  2 krakens
  An ancient champion (Crypt:2)
  Frances (D:14)
  7 shadow dragons
  Agnes (Spider:4)
  14 storm dragons
  Aizul (Spider:3)
  5 tengu reavers
  Ilsuiw (Shoals:2)
  5 draconian monks
  2 azure jellies (IceCv)
  5 emperor scorpions
  12 frost giants
  6 deep elf sorcerers
  2 balrugs
  7 draconian knights
  12 fire giants
  25 vault wardens
  Louise (Shoals:1)
  2 caustic shrike zombies
  10 draconian scorchers
  4 deep elf elementalists (Elf:3)
  5 ghost moths
  4 draconian stormcallers
  2 draconian shifters
  2 curse skulls
  3 orc warlords
  An angel (D:3)
  11 very ugly things
  A demonspawn corrupter (Zot:5)
  A caustic shrike skeleton (Depths:2)
  22 ironbound preservers
  A spriggan defender (Depths:2)
  7 stone giants
  A ghoul (Crypt:1)
  2 broodmothers
  3 war gargoyles (Crypt:3)
  A juggernaut skeleton (Crypt:3)
  9 draconian annihilators
  2 formless jellyfish
  6 ironbound thunderhulks
  5 vampire knights
  14 deep elf annihilators
  2 lorocyprocas
  11 deep elf demonologists
  A demonspawn black sun (D:14)
  11 red draconians
  10 black draconians
  A spark wasp (shapeshifter) (Vaults:5)
  14 yellow draconians
  10 purple draconians
  7 green draconians
  8 dire elephants
  3 crystal guardians
  2 pearl dragon zombies (Crypt:2)
  7 spark wasps
  4 fire dragons
  10 white draconians
  7 deep elf death magi
  An eidolon (Crypt:1)
  6 merfolk javelineers
  A green death (D:11)
  4 jiangshi
  2 merfolk impalers (Shoals:4)
  15 ettins
  2 entropy weavers
  Josephine (D:14)
  A fire dragon (shapeshifter) (Vaults:5)
  4 deep elf high priests
  15 yaktaur captains
  Fannar (Lair:1)
  43 vault guards
  4 great orbs of eyes
  3 hydras
  3 rakshasas
  7 ice dragons
  2 quicksilver dragon skeletons
  3 ogre magi
  2 peacekeepers
  5 spriggan air magi
  A spriggan zombie (Crypt:1)
  Erica (Lair:1)
  A catoblepas (Lair:5)
  An alligator (shapeshifter) (D:13)
  An alligator snapping turtle (Shoals:2)
  3 death knights
  3 spriggan skeletons
  2 radroaches
  7 ironbound frosthearts
  A jorogumo (Spider:2)
  7 two-headed ogres
  12 centaur warriors
  6 merfolk aquamancers
  A satyr (Shoals:3)
  17 dancing weapons
  15 boulder beetles
  5 tengu warriors
  3 merfolk avatars
  10 deep troll earth magi
  9 death yaks
  11 hell hogs
  8 deep troll shamans
  3 vampire magi (Depths:1)
  2 occultists
  10 spriggan berserkers
  6 orc high priests
  The ghost of tish the Mimic, a journeyman FeSh of Gozag (D:11)
  7 demonic crawlers
  23 hell knights
  9 skysharks
  4 wretched stars (Abyss:4)
  11 deep elf knights
  3 sun demons (Depths:3)
  8 thrashing horrors (Abyss:4)
  5 soul eaters
  Amaemon (D:9)
  7 pharaoh ants
  A salamander mystic (Depths:4)
  36 skeletal warriors
  Lodul (D:14)
  9 iron trolls
  2 goliath frogs (shapeshifter)
  2 sun moths
  3 shadow wraiths (Crypt:2)
  A storm dragon skeleton (Crypt:1)
  14 orb spiders
  9 sea snakes
  A spriggan simulacrum (Abyss:4)
  A death drake (shapeshifter) (Vaults:4)
  10 glowing orange brains
  58 deep trolls
  A shadow demon (Zot:5)
  7 phantasmal warriors
  2 arcanists (Vaults:4)
  20 harpies
  11 deep elf archers
  18 ironbound convokers
  24 ugly things
  8 necromancers
  22 wolf spiders
  6 steelbarb worms
  27 deep elf pyromancers
  11 orc knights
  5 cyclopes
  10 fauns
  21 deep elf zephyrmancers
  32 moths of wrath
  2 orc sorcerers
  An iron dragon skeleton (Crypt:1)
  An apocalypse crab (Abyss:4)
  13 large abominations
  21 manticores
  3 salamanders (Depths:4)
  4 apis skeletons (Crypt:2)
  4 black mambas
  An ice statue (IceCv)
  5 elephants (Lair:5)
  A stone giant skeleton (Crypt:1)
  8 merfolk sirens
  28 slime creatures
  12 vault sentinels
  A guardian serpent (shapeshifter) (Vaults:5)
  4 smoke demons
  4 water nymphs
  3 orange demons
  7 gargoyles
  A black mamba (shapeshifter) (D:13)
  A centaur skeleton (Crypt:3)
  4 torpor snails
  2 fire giant skeletons (Depths:2)
  6 cane toads
  Psyche (D:8)
  3 hellions
  3 unseen horrors (Depths:2)
  A dire elephant skeleton (Crypt:3)
  Jeremiah (D:7)
  5 komodo dragons
  4 rime drakes
  7 tengu conjurers
  A tormentor (Depths:1)
  2 ancient zymes (Abyss:4)
  2 guardian mummies (Crypt:3)
  An efreet (Abyss:4)
  An ice devil (D:14)
  5 freezing wraiths
  30 yaktaurs
  7 red devils (Crypt:3)
  A green draconian skeleton (Crypt:2)
  A grey draconian skeleton (Crypt:1)
  8 wind drakes
  9 trolls
  6 polar bears
  6 meliai
  2 harpy zombies (Crypt:3)
  A moth of wrath zombie (Crypt:2)
  41 tarantellas
  29 merfolk
  A polar bear (shapeshifter) (Spider:2)
  3 raiju (Abyss:4)
  A tarantella (shapeshifter) (D:14)
  9 hornets
  A glass eye (Depths:4)
  14 blink frogs
  9 snapping turtles
  A blink frog (shapeshifter) (Elf:2)
  A death drake skeleton (Crypt:1)
  A dream sheep (shapeshifter) (Elf:2)
  2 ettin zombies
  5 spriggans (Depths:3)
  30 jumping spiders
  2 air elementals
  30 culicivoras
  3 flying skulls (Crypt:1)
  A merfolk skeleton (Crypt:1)
  6 shadows
  A guardian serpent skeleton (Crypt:1)
  A spriggan (shapeshifter) (Elf:2)
  A ynoxinul (Depths:1)
  A culicivora (shapeshifter) (Vaults:5)
  18 wraiths
  A centaur simulacrum (Crypt:2)
  46 yaks
  3 vampires
  2 humans (D:14)
  3 basilisks
  25 water elementals
  5 wyverns
  A hog (D:8)
  4 steam dragons
  A black mamba skeleton (Crypt:3)
  2 fire elementals (Elf:3)
  8 vampire mosquitoes
  2 neqoxecs (Abyss:4)
  A chaos spawn (Depths:2)
  2 harpy simulacra
  61 redbacks
  A deep troll zombie (Crypt:2)
  5 small abominations
  10 wargs
  3 great orb of eyes simulacra (IceCv)
  4 acid dragons
  An entropy weaver zombie (Crypt:1)
  A faun skeleton (Crypt:2)
  8 water moccasins
  A hydra simulacrum (Crypt:1)
  A glowing shapeshifter skeleton (Depths:2)
  7 black bears
  35 orc warriors
  A sky beast (shapeshifter) (Vaults:5)
  A boggart (Vaults:2)
  9 centaurs
  11 ogres
  33 wolves
  A tengu (shapeshifter) (Elf:3)
  An ogre (shapeshifter) (Elf:1)
  31 starcursed masses (Abyss:4)
  A snapping turtle skeleton (Crypt:1)
  4 phantoms
  4 slime creature simulacra (IceCv)
  A kobold brigand (D:8)
  3 elf zombies (Elf:1)
  7 glowing shapeshifter simulacra
  A gnoll sergeant (D:10)
  12 bullfrogs
  3 earth elementals
  6 scorpions
  3 wights (D:10)
  12 electric eels
  A crimson imp (Abyss:4)
  8 howler monkeys
  4 centaur zombies (D:10)
  3 jellies
  32 orc priests
  6 hounds
  5 gnoll boudas
  3 iguanas (D:6)
  Jessica (D:3)
  11 orc wizards
  13 hell rats
  4 shapeshifter simulacra (IceCv)
  A naga zombie (Crypt:1)
  A deep dwarf zombie (Crypt:2)
  10 mummies (Crypt:3)
  8 adders
  33 gnolls
  A swamp drake zombie (Crypt:1)
  A swamp drake skeleton (Crypt:2)
  A shadow imp (D:7)
  2 ufetubi (Abyss:4)
  A worm (D:5)
  6 dart slugs
  62 orcs
  13 endoplasms
  A giant cockroach (D:2)
  4 goblins
  9 hobgoblins
  2 jackals (D:2)
  2 quokkas
  8 ball pythons
  2 bats (D:2)
  3 frilled lizards
  13 kobolds
  A kobold zombie (Crypt:2)
  5 rats
  A river rat zombie (Crypt:2)
  4 starspawn tentacles (Abyss:4)
  3 tentacles
2337 creatures vanquished.

Vanquished Creatures (collateral kills)
  A profane servitor (Crypt:2)
  A storm dragon (Depths:2)
  Kirke (Shoals:2)
  A merfolk impaler (Shoals:2)
  A merfolk aquamancer (Shoals:2)
  An orc high priest (Orc:2)
  2 harpies (Shoals:2)
  2 orc knights (Orc:2)
  A cyclops (Shoals:2)
  A manticore (Shoals:2)
  A water nymph (Shoals:2)
  A merfolk siren (Shoals:2)
  A cane toad (Lair:5)
  2 komodo dragons (Lair:5)
  A merfolk (Shoals:3)
  3 dream sheep (Shoals:2)
  4 water elementals (Shoals:2)
  2 hogs (Shoals:2)
  3 orc warriors (Orc:2)
  8 orc priests (Orc:2)
  12 orcs (Orc:2)
50 creatures vanquished.

Vanquished Creatures (others)
  Nikola (Vaults:2)
  2 fire giants
  A draconian annihilator (Zot:4)
  A large abomination (Abyss:4)
  3 humans (Shoals:2)
  A kobold brigand (D:8)
  A quokka (D:3)
  3 training dummies (Shoals:2)
  3 kobolds (D:8)
  A lurking horror (Abyss:4)
  19 starspawn tentacles (Abyss:4)
  12 tentacles
48 creatures vanquished.

Grand Total: 2435 creatures vanquished

Notes
Turn   | Place    | Note
-------+----------+-------------------------------------------
     0 | D:5      | Jannitor the Naga Delver began the quest for the Orb.
     0 | D:5      | Reached XP level 1. HP: 21/21 MP: 1/1
    40 | D:6      | Identified the of Azapsiow
    84 | D:6      | Identified the +6 tower shield of the Stone Wall {Dex+4}
   145 | D:5      | Noticed a phantom
   170 | D:5      | Killed a phantom
   171 | D:5      | Reached skill level 1 in Armour
   171 | D:5      | Reached skill level 1 in Shields
   171 | D:5      | Reached XP level 2. HP: 5/28 MP: 2/2
   171 | D:5      | Reached XP level 3. HP: 6/34 MP: 3/3
   171 | D:5      | Reached XP level 4. HP: 7/42 MP: 4/4
   421 | D:5      | Noticed a water moccasin
   512 | D:5      | Reached XP level 5. HP: 40/49 MP: 5/5
   713 | D:3      | Noticed Jessica
   979 | D:2      | Found a faded altar of an unknown god.
   980 | D:2      | Noticed an eye of devastation
   982 | D:2      | Noticed a great orb of eyes
   982 | D:2      | Noticed a great orb of eyes
   982 | D:2      | Noticed a golden eye
  1709 | D:2      | Found a burning altar of Makhleb.
  1784 | D:2      | Learned a level 2 spell: Poisonous Vapours
  2023 | D:2      | Reached XP level 6. HP: 57/57 MP: 6/6
  2485 | D:3      | Found a white marble altar of Elyvilon.
  2577 | D:3      | Killed Jessica
  2627 | D:3      | Reached skill level 4 in Fighting
  2761 | D:3      | Found a sacrificial altar of Ru.
  2761 | D:3      | Found a blossoming altar of Fedhas.
  2859 | D:2      | Became a worshipper of Makhleb the Destroyer
  3637 | D:4      | Found an opulent altar of Gozag.
  3638 | D:4      | Found a bloodstained altar of Trog.
  3825 | D:4      | Reached skill level 1 in Invocations
  3825 | D:4      | Reached XP level 7. HP: 51/64 MP: 5/7
  4141 | D:4      | Found a staircase to the Ecumenical Temple.
  4147 | Temple   | Entered the Ecumenical Temple
  4656 | D:5      | Reached XP level 8. HP: 71/73 MP: 7/9
  4874 | D:5      | Reached * piety under Makhleb
  4946 | D:6      | Reached skill level 5 in Fighting
  5227 | D:6      | Reached skill level 5 in Maces & Flails
  5243 | D:6      | Reached XP level 9. HP: 59/81 MP: 8/11
  5852 | D:6      | Found an ornate altar of the Wu Jian Council.
  5906 | D:7      | Noticed Jeremiah
  6336 | D:8      | Reached ** piety under Makhleb
  6420 | D:8      | Reached skill level 6 in Fighting
  6539 | D:8      | Reached skill level 5 in Invocations
  6548 | D:8      | Reached skill level 5 in Dodging
  6548 | D:8      | Reached XP level 10. HP: 92/92 MP: 13/13
  6559 | D:8      | Reached skill level 5 in Shields
  6563 | D:8      | Found Toeps's Armour Emporium.
  6622 | D:8      | Found a sparkling altar of Nemelex Xobeh.
  6640 | D:8      | Noticed Psyche
  6779 | D:9      | Identified the of Juozauno
  6779 | D:9      | Identified the "Tapaoroj"
  6876 | D:9      | Noticed a boulder beetle
  7234 | D:8      | Found a runed translucent gate.
  7234 | D:8      | Found a runed translucent gate.
  7234 | D:8      | Found a runed translucent gate.
  7234 | D:8      | Noticed a death yak
  7234 | D:8      | Noticed a death yak
  7382 | D:9      | Reached skill level 5 in Armour
  7435 | D:9      | Reached skill level 7 in Fighting
  7522 | D:9      | Found a staircase to the Lair.
  7543 | D:9      | Found Uhasitas's Antique Weapon Emporium.
  7703 | D:9      | Killed a boulder beetle
  8090 | D:14     | Identified the "Lemyilum"
  8090 | Lair:1   | Entered Level 1 of the Lair of Beasts
  8090 | Lair:1   | Noticed Amaemon
  8091 | Lair:1   | Noticed an orange demon
  8096 | Lair:1   | Gained mutation: You are clumsy. (Dex -2) [potion of
                  | mutation]
  8096 | Lair:1   | Gained mutation: You do not regenerate when monsters are
                  | visible. [potion of mutation]
  8096 | Lair:1   | Gained mutation: You are covered in fur. (AC +1) [potion of
                  | mutation]
  8119 | D:9      | Killed Amaemon
  8206 | D:10     | Entered Level 10 of the Dungeon
  8252 | D:8      | Reached XP level 11. HP: 95/100 MP: 13/15
  8489 | D:7      | Found a radiant altar of Vehumet.
  8628 | D:7      | Killed Jeremiah
  8657 | D:7      | Found Nahucweq's Book Boutique.
  8765 | D:7      | Identified the +1 war axe of Accord {heavy, Int+4}
  9697 | D:8      | Killed Psyche
  9859 | D:8      | Killed a death yak
  9886 | D:8      | Reached skill level 8 in Fighting
 10131 | D:8      | Killed a death yak
 10303 | D:8      | Reached *** piety under Makhleb
 10389 | Lair:1   | Noticed a death yak
 10414 | D:9      | Killed a death yak
 10446 | Lair:1   | Noticed a death yak
 10446 | Lair:1   | Noticed a death yak
 10448 | Lair:1   | Noticed a death yak
 10469 | D:9      | Killed a death yak
 11166 | D:10     | Reached XP level 12. HP: 112/112 MP: 17/17
 11377 | D:11     | Found a runed translucent gate.
 11378 | D:11     | Found a runed translucent gate.
 11388 | D:11     | Found a runed translucent gate.
 11390 | D:11     | Noticed tish's ghost (journeyman FeSh)
 11423 | D:11     | Noticed a two-headed ogre
 11445 | D:11     | Killed a two-headed ogre
 11476 | D:11     | Noticed a two-headed ogre
 11488 | D:11     | Killed a two-headed ogre
 11807 | D:11     | Found a sparkling altar of Nemelex Xobeh.
 12127 | D:11     | Found a staircase to the Orcish Mines.
 12218 | D:11     | Noticed a boulder beetle
 12231 | D:11     | Killed a boulder beetle
 12232 | D:11     | Reached skill level 9 in Fighting
 12365 | Orc:1    | Entered Level 1 of the Orcish Mines
 12480 | Orc:1    | Lost mutation: You do not regenerate when monsters are
                  | visible. [potion of mutation]
 12480 | Orc:1    | Lost mutation: You are clumsy. (Dex -2) [potion of
                  | mutation]
 12480 | Orc:1    | Gained mutation: You are weak. (Str -2) [potion of
                  | mutation]
 12868 | D:11     | Identified the ring "Muelaf" {Will+ Int+2}
 13223 | D:9      | Killed a death yak
 13240 | D:9      | Killed a death yak
 13844 | Lair:1   | Gained mutation: You can use your snake-like lower body to
                  | constrict enemies. [Naga growth]
 13844 | Lair:1   | Reached XP level 13. HP: 121/121 MP: 19/19
 13901 | Lair:1   | Noticed Erica
 13916 | Lair:1   | Killed Erica
 14002 | Lair:1   | Reached **** piety under Makhleb
 14342 | Lair:1   | Noticed Fannar
 14359 | Lair:1   | Killed Fannar
 14696 | Lair:2   | Found a staircase to the Shoals.
 15108 | Lair:2   | Reached skill level 10 in Fighting
 15839 | Lair:3   | Reached ***** piety under Makhleb
 16069 | Lair:3   | Reached skill level 10 in Maces & Flails
 16106 | Lair:3   | Identified the ring "Sour" {Fly rPois rC- rN+ Dex+3}
 16258 | Lair:3   | Found a hole to the Spider Nest.
 16868 | Lair:4   | Reached skill level 10 in Invocations
 17446 | Lair:5   | Entered Level 5 of the Lair of Beasts
 17470 | Lair:5   | Found a staircase to the Slime Pits.
 17482 | Lair:5   | Reached XP level 14. HP: 107/133 MP: 14/21
 18596 | Lair:5   | Noticed a dire elephant
 18621 | Lair:5   | Killed a dire elephant
 18622 | Lair:5   | Reached skill level 11 in Fighting
 18711 | Lair:5   | Identified the +8 rapier "Cedalato" {heavy, Int+4}
 19141 | Orc:2    | Entered Level 2 of the Orcish Mines
 19464 | Orc:2    | Reached ****** piety under Makhleb
 20282 | Orc:2    | Found a staircase to the Elven Halls.
 20528 | Orc:2    | Found Rair's Jewellery Shop.
 20528 | Orc:2    | Found Qemmor's Antique Armour Shop.
 20529 | Orc:2    | Found Koasch's Distillery.
 20529 | Orc:2    | Found Ekhumat's Assorted Antiques.
 20537 | Orc:2    | Bought a potion of haste for 120 gold pieces
 20537 | Orc:2    | Bought a potion of berserk rage for 60 gold pieces
 20537 | Orc:2    | Bought a potion of heal wounds for 60 gold pieces
 20537 | Orc:2    | Bought a potion of curing for 36 gold pieces
 20537 | Orc:2    | Bought a potion of curing for 36 gold pieces
 20537 | Orc:2    | Bought a potion of heal wounds for 60 gold pieces
 20537 | Orc:2    | Bought a potion of enlightenment for 60 gold pieces
 20541 | Orc:2    | Bought a scroll of fear for 112 gold pieces
 20541 | Orc:2    | Bought a scroll of enchant weapon for 210 gold pieces
 20541 | Orc:2    | Bought a potion of might for 112 gold pieces
 20865 | Orc:1    | Found Ymuytt's Jewellery Shop.
 21477 | D:12     | Found a frozen archway.
 21495 | IceCv    | Entered an ice cave
 21878 | IceCv    | Reached XP level 15. HP: 140/142 MP: 21/23
 22161 | IceCv    | Found a viscous altar of Jiyva.
 22161 | IceCv    | Noticed an azure jelly
 22176 | IceCv    | Killed an azure jelly
 22179 | IceCv    | Noticed an azure jelly
 22196 | IceCv    | Killed an azure jelly
 22208 | IceCv    | Identified the +0 ice dragon scales of the Tundras {rF-
                  | rC++ Dex+3}
 22217 | IceCv    | Identified the +1 kite shield "Qapnoaqe" {Dex+2}
 22406 | D:12     | Reached skill level 10 in Shields
 23317 | D:12     | Reached skill level 1 in Ranged Weapons
 23476 | D:12     | Reached skill level 12 in Fighting
 24314 | D:13     | Found a glowing golden altar of the Shining One.
 24551 | D:14     | Found an opulent altar of Gozag.
 24726 | D:14     | Noticed Frances
 24736 | D:14     | Killed Frances
 24737 | D:14     | Reached skill level 5 in Ranged Weapons
 24915 | D:14     | Noticed Josephine
 24920 | D:14     | Killed Josephine
 24921 | D:14     | Reached XP level 16. HP: 154/154 MP: 24/24
 24932 | D:14     | Noticed Lodul
 24935 | D:14     | Killed Lodul
 25394 | D:14     | Found a gate to the Vaults.
 25617 | D:14     | Found a burning altar of Makhleb.
 25706 | D:15     | Entered Level 15 of the Dungeon
 26038 | D:15     | Reached skill level 13 in Fighting
 26224 | D:15     | Found a staircase to the Depths.
 26763 | Shoals:1 | Entered Level 1 of the Shoals
 26766 | Shoals:1 | Noticed Jorgrun
 26770 | Shoals:1 | Killed Jorgrun
 27230 | Shoals:1 | Noticed Roxanne
 27333 | Shoals:1 | Identified the blade talisman of Afukya {Dex+3}
 27573 | Shoals:1 | Noticed Mlioglotl
 27576 | Shoals:1 | Killed Mlioglotl
 27908 | Shoals:2 | Noticed Louise
 27928 | Shoals:1 | Killed Louise
 28486 | Shoals:2 | Noticed Ilsuiw
 29511 | Shoals:2 | Reached XP level 17. HP: 95/165 MP: 23/25
 29518 | Shoals:2 | Killed Ilsuiw
 29525 | Shoals:2 | Noticed Kirke
 29527 | Shoals:2 | Killed Kirke
 29752 | Shoals:2 | Found Xaces's Firing Range.
 30005 | Shoals:2 | You fall into a shaft and drop 1 floor!
 30005 | Shoals:3 | Found Pomos's Distillery.
 30008 | Shoals:3 | Reached skill level 14 in Fighting
 30009 | Shoals:3 | Paralysed by a formless jellyfish for 1 turns
 30012 | Shoals:3 | Reached skill level 10 in Ranged Weapons
 30881 | Shoals:3 | Noticed a kraken
 30902 | Shoals:3 | Killed a kraken
 31208 | Shoals:4 | Entered Level 4 of the Shoals
 31829 | Shoals:4 | Found the +7 sceptre of Torment {pain, torment}
 31996 | Shoals:4 | Identified the ring "Koagit" {rF+ rN+ Str+4 Int+6}
 32348 | Shoals:4 | Identified the +0 scale mail "Tetwujob" {Rampage Stlth+}
 32819 | Shoals:4 | Noticed a kraken
 32850 | Shoals:4 | Killed a kraken
 32851 | Shoals:4 | Reached skill level 10 in Armour
 32956 | Shoals:4 | Reached skill level 10 in Dodging
 33012 | Shoals:4 | Got a barnacled rune of Zot
 33129 | Shoals:4 | Reached XP level 18. HP: 176/176 MP: 26/26
 33186 | Shoals:4 | Identified the staff of Waekhezogh {rPois rCorr Poison}
 33344 | Spider:1 | Entered Level 1 of the Spider Nest
 33533 | D:11     | Killed tish's ghost
 33622 | Vaults:1 | Entered Level 1 of the Vaults
 35066 | Vaults:1 | Reached skill level 15 in Fighting
 35570 | D:9      | Bought the +7 great mace "Firestarter" {flame, immolate,
                  | rFlCloud rF++} for 2420 gold pieces
 35570 | D:9      | Found the +7 great mace "Firestarter" {flame, immolate,
                  | rFlCloud rF++}
 35884 | Lair:3   | Reached skill level 15 in Maces & Flails
 37898 | Spider:2 | Identified the +6 long sword of Makhleb, Burning {speed,
                  | Str+4}
 38240 | Spider:3 | Identified the serpent talisman of the Ditch-Digger {Int+6
                  | Stlth-}
 38240 | Spider:3 | Noticed Aizul
 38246 | Spider:3 | Killed Aizul
 38247 | Spider:3 | Reached XP level 19. HP: 144/188 MP: 20/27
 39718 | Spider:4 | Entered Level 4 of the Spider Nest
 39728 | Spider:4 | Reached skill level 16 in Fighting
 42696 | Spider:4 | Noticed Agnes
 42698 | Spider:4 | Killed Agnes
 43578 | Spider:4 | Found a hide-covered altar of Uskayaw.
 44081 | Spider:4 | Got a gossamer rune of Zot
 45411 | Vaults:2 | Reached XP level 20. HP: 149/199 MP: 18/28
 45520 | Vaults:2 | Noticed Nikola
 45535 | Vaults:2 | Killed Nikola
 46096 | Vaults:2 | Noticed Bai Suzhen
 46103 | Vaults:2 | Killed Bai Suzhen
 47039 | Vaults:3 | Reached skill level 17 in Fighting
 47178 | Vaults:3 | Found a transporter.
 47181 | Vaults:3 | Found Ruemepro's Magic Scroll Boutique.
 47874 | Vaults:3 | Found a staircase to the Crypt.
 48554 | Vaults:3 | Reached skill level 15 in Dodging
 48695 | Vaults:3 | Found a transporter.
 48850 | Vaults:3 | Bought a scroll of enchant armour for 142 gold pieces
 48850 | Vaults:3 | Bought a scroll of blinking for 142 gold pieces
 48850 | Vaults:3 | Bought a scroll of fog for 76 gold pieces
 49901 | Vaults:4 | Reached XP level 21. HP: 210/210 MP: 29/29
 50465 | Elf:1    | Identified the "Meshrumi"
 50465 | Elf:1    | Entered Level 1 of the Elven Halls
 50502 | Elf:1    | Noticed Asterion
 50513 | Elf:1    | Killed Asterion
 50752 | Elf:1    | Reached skill level 15 in Ranged Weapons
 51218 | Elf:1    | Reached skill level 18 in Fighting
 51979 | Elf:2    | Found a runed translucent door.
 51979 | Elf:2    | Noticed Yphese Lihe's ghost (adept MiFi)
 52116 | Elf:2    | Found a runed translucent gate.
 52116 | Elf:2    | Found a runed translucent gate.
 52116 | Elf:2    | Found a runed translucent gate.
 52335 | Elf:3    | Identified the "Wyleroc"
 52335 | Elf:3    | Identified the of Gomewa
 52335 | Elf:3    | Identified the "Qoxt"
 52335 | Elf:3    | Identified the "Cilluk"
 52335 | Elf:3    | Identified the "Beizoic"
 52335 | Elf:3    | Entered Level 3 of the Elven Halls
 52404 | Elf:3    | Found a large runed translucent door.
 52404 | Elf:3    | Found a large runed translucent door.
 52408 | Elf:3    | Noticed BinkBink's ghost (adept MiFi)
 52741 | Elf:3    | Paralysed by an air elemental for 1 turns
 53496 | Elf:3    | Identified the +5 robe "Isip" {Contam Rampage rC+}
 53669 | Elf:3    | Identified the +0 scimitar of Oxeciale {holy, rF+}
 53673 | Elf:3    | Reached XP level 22. HP: 222/222 MP: 30/30
 54007 | Elf:3    | Identified the +6 short sword of Eminent Domain {venom,
                  | rElec Str+3}
 54172 | Elf:3    | Identified the +4 rapier "Sega" {freeze, rElec Str+2 Dex-5}
 54172 | Elf:3    | Identified the +2 leather armour "Ytofev" {+Blink Will-
                  | Int+5}
 54406 | Elf:3    | Identified the +5 bardiche of Doom {elec, +Blink SInv}
 54430 | Elf:3    | Identified the +6 dire flail of Ducib {freeze, *Rage
                  | Fragile rN++ Str+9}
 54430 | Elf:3    | Identified a ring of Upilady {rElec rCorr}
 54541 | Elf:3    | Identified the +4 long sword "Lagucepa" {flame, Stlth+}
 54549 | Elf:3    | Identified the +2 dire flail "Wukh" {spect, rF+ rCorr}
 54552 | Elf:3    | Identified the ring of Heessi {rC- AC+4 Int+4 Slay+2
                  | Stlth+}
 54695 | Elf:3    | Identified the +2 great sword of the Final Mystics {flame,
                  | +Blink}
 54740 | Elf:3    | Identified the +0 quarterstaff "Boiv" {elec, SInv}
 54755 | Elf:3    | Identified the +7 shortbow "Ywnaunwe" {heavy, rN++ rCorr
                  | Dex-5 SInv}
 54776 | Elf:3    | Identified the +4 mace of the Throat {flame, +Blink rPois
                  | Int+3 Stlth+}
 55235 | Crypt:1  | Entered Level 1 of the Crypt
 55415 | Crypt:1  | Found a runed translucent door.
 55416 | Crypt:1  | Noticed Nedaafist's ghost (adept DgNe)
 56322 | Crypt:2  | HP: 2/223 [ancient champion/iron shot (49)]
 56787 | Crypt:2  | Reached skill level 19 in Fighting
 57137 | Crypt:2  | Lost mutation: You are weak. (Str -2) [potion of mutation]
 57137 | Crypt:2  | Lost mutation: You are covered in fur. (AC +1) [potion of
                  | mutation]
 57137 | Crypt:2  | Gained mutation: You are strong-willed. (Will+) [potion of
                  | mutation]
 57137 | Crypt:2  | Gained mutation: Your body sometimes deteriorates upon
                  | taking damage. [potion of mutation]
 57137 | Crypt:2  | Gained mutation: You possess an exceptional clarity of
                  | mind. [potion of mutation]
 57137 | Crypt:2  | Gained mutation: You have an increased reservoir of magic.
                  | (+10% MP) [potion of mutation]
 57346 | Crypt:2  | Noticed a profane servitor
 57351 | Crypt:2  | Found a basalt altar of Yredelemnul.
 57363 | Abyss:4  | Found a corrupted altar of Lugonu.
 57363 | Abyss:4  | Cast into level 4 of the Abyss (profane servitor)
 57480 | Abyss:4  | Found a corrupted altar of Lugonu.
 57672 | Abyss:4  | Paralysed by accursed screaming for 1 turns
 57705 | Crypt:2  | Escaped the Abyss
 58256 | Crypt:2  | Killed a profane servitor
 58326 | Crypt:3  | Entered Level 3 of the Crypt
 59095 | Crypt:3  | Identified the +2 war axe "Jiheant" {elec, rPois rCorr
                  | Str+2 Int-5}
 59470 | Crypt:3  | Reached XP level 23. HP: 232/232 MP: 34/34
 59855 | Crypt:3  | Found a staircase to the Tomb.
 59878 | Crypt:3  | Identified the +2 dire flail of Gallantry {heavy, Dex+2}
 60059 | Abyss:4  | Cast into level 4 of the Abyss (hell knight)
 60087 | Abyss:4  | Found a corrupted altar of Lugonu.
 60137 | Abyss:4  | Got an abyssal rune of Zot
 60138 | Abyss:4  | Paralysed by accursed screaming for 1 turns
 60214 | Crypt:3  | Escaped the Abyss
 60577 | Crypt:3  | Noticed Boris
 60589 | Crypt:3  | Killed Boris
 60933 | Crypt:3  | Found an ancient bone altar of Kikubaaqudgha.
 60937 | Crypt:3  | Noticed a dread lich
 60945 | Crypt:3  | Killed a dread lich
 61061 | Crypt:3  | Noticed a dread lich
 61068 | Crypt:3  | Killed a dread lich
 61319 | Crypt:3  | Identified the +1 scale mail of the Bright God {rF+ rCorr
                  | Int+3}
 61745 | Depths:1 | Entered Level 1 of the Depths
 62144 | Depths:1 | Reached skill level 20 in Fighting
 62448 | Depths:1 | Found a stormy altar of Qazlal.
 62460 | Depths:1 | Found a gateway to Hell.
 62514 | Depths:1 | Found a one-way gate leading to the halls of Pandemonium.
 62894 | Depths:1 | Found a glowing silver altar of Zin.
 62971 | Depths:2 | Noticed Mara
 62974 | Depths:2 | Noticed Jannitor's illusion
 63208 | Depths:2 | Noticed Jannitor's illusion
 63691 | Depths:2 | Noticed Jannitor's illusion
 63696 | Depths:2 | Noticed Jannitor's illusion
 63705 | Depths:2 | Killed Mara
 63706 | Depths:2 | Reached XP level 24. HP: 189/246 MP: 26/34
 63831 | Depths:2 | Found a one-way gateway to a ziggurat.
 63984 | Depths:2 | Found a one-way gate to the infinite horrors of the Abyss.
 64574 | Depths:2 | Noticed a juggernaut
 64585 | Depths:2 | Killed a juggernaut
 64718 | Depths:2 | Identified the +7 war axe of Annoyance {elec, rCorr Stlth+}
 65007 | Depths:2 | Identified the amulet of Xaula {Acrobat +Inv rElec Regen+
                  | Dex-4}
 65681 | Depths:3 | Noticed a juggernaut
 65689 | Depths:3 | Killed a juggernaut
 65967 | Depths:3 | Identified a scroll of acquirement
 65980 | Depths:3 | Acquired the +10 Black Knight's barding {ponderous, rPois
                  | rN+}
 65980 | Depths:3 | Found the +10 Black Knight's barding {ponderous, rPois rN+}
 66174 | Depths:3 | Reached skill level 21 in Fighting
 66342 | Depths:3 | Found a portal to a secret trove of treasure.
 66888 | Vaults:3 | Bought a scroll of enchant weapon for 142 gold pieces
 67250 | Shoals:3 | Bought a potion of heal wounds for 70 gold pieces
 67250 | Shoals:3 | Bought a potion of haste for 140 gold pieces
 67250 | Shoals:3 | Bought 2 potions of curing for 84 gold pieces
 67250 | Shoals:3 | Bought a potion of mutation for 112 gold pieces
 67250 | Shoals:3 | Bought a potion of heal wounds for 70 gold pieces
 67250 | Shoals:3 | Bought a potion of mutation for 112 gold pieces
 67841 | Depths:4 | Entered Level 4 of the Depths
 67983 | Depths:4 | Identified the +4 morningstar of Rilid {heavy, rN+ Dex+3}
 67983 | Depths:4 | Noticed Boris
 67989 | Depths:4 | Killed Boris
 68211 | Depths:3 | You paid a toll of a +6 demon trident to enter a treasure
                  | trove
 68212 | Trove    | Entered a treasure trove
 68227 | Trove    | Identified the amulet "Tieneqam" {Reflect rPois SH+5}
 68237 | Trove    | Identified the ring of the Empire {Wiz rPois Dex+7}
 68241 | Trove    | Identified the ring "Cedoijoq" {Fly rElec rF+ Will- Dex+3
                  | SInv}
 68251 | Trove    | Identified the ring "Wyvam" {Wiz *Corrode rF++ Str+4}
 68445 | Depths:4 | Found a gate to the Realm of Zot.
 68684 | Depths:4 | Reached XP level 25. HP: 253/256 MP: 36/36
 69220 | Vaults:5 | Entered Level 5 of the Vaults
 69245 | Vaults:5 | Noticed Xtahua
 69285 | Vaults:4 | Killed Xtahua
 69369 | Vaults:5 | Reached skill level 15 in Armour
 69466 | Vaults:5 | Identified the ring "Qezi Fau" {Fire rN+}
 69755 | Vaults:5 | Identified the +1 pair of gloves of Awe {Rampage Will+
                  | Dex+3}
 69815 | Vaults:5 | Acquired a manual of Shapeshifting
 69843 | Vaults:5 | Identified the ring of Hibudaj {rPois MP+9 Str+3}
 70222 | Vaults:4 | Reached skill level 22 in Fighting
 70365 | Vaults:5 | Reached skill level 15 in Invocations
 70584 | Vaults:5 | Reached XP level 26. HP: 239/268 MP: 37/37
 70721 | Vaults:5 | Got a silver rune of Zot
 70725 | Vaults:5 | Acquired 946 gold pieces
 70839 | Vaults:5 | Identified the staff of the Hurting Gods {Drain rN+ MP+9
                  | Dex+7 Conj}
 71411 | Zot:1    | Entered Level 1 of the Realm of Zot
 71812 | Zot:1    | You fall into a shaft and drop 1 floor!
 74400 | Zot:4    | Noticed an orb of fire
 74400 | Zot:4    | Lost mutation: You have an increased reservoir of magic.
                  | (+10% MP) [an orb of fire]
 74401 | Zot:4    | Gained mutation: Your spells are a little easier to cast,
                  | but a little less powerful. [an orb of fire]
 74403 | Zot:4    | Killed an orb of fire
 74736 | Zot:5    | Entered Level 5 of the Realm of Zot
 74751 | Zot:5    | Reached XP level 27. HP: 270/279 MP: 35/35
 74912 | Zot:5    | Found a runed translucent door.
 74913 | Zot:5    | Noticed crabbyslav's ghost (master VSBe)
 74937 | Zot:5    | Identified the staff of Duty {Fly rElec Int+2 Air}
 74964 | Zot:5    | Killed crabbyslav's ghost
 74970 | Zot:5    | Identified the +0 helmet of Wasted Space {rElec}
 75183 | Zot:5    | Reached skill level 23 in Fighting
 75475 | Zot:5    | Noticed an orb of fire
 75479 | Zot:5    | Noticed an orb of fire
 75490 | Zot:5    | Killed an orb of fire
 75498 | Zot:5    | Gained mutation: Your tail ends in a venomous barb. [an orb
                  | of fire]
 75506 | Zot:5    | Killed an orb of fire
 75507 | Zot:5    | Noticed an orb of fire
 75511 | Zot:5    | Gained mutation: You are clumsy. (Dex -2) [an orb of fire]
 75517 | Zot:5    | Noticed an orb of fire
 75518 | Zot:5    | Gained mutation: You expend magic power (3 MP) to
                  | strengthen your wands. [an orb of fire]
 75522 | Zot:5    | Noticed an orb of fire
 75522 | Zot:5    | Gained mutation: You occasionally lose the ability to drink
                  | potions when taking damage. [an orb of fire]
 75525 | Zot:5    | Killed an orb of fire
 75531 | Zot:5    | Noticed an orb of fire
 75532 | Zot:5    | Gained mutation: Potions are less effective at restoring
                  | your health. [an orb of fire]
 75539 | Zot:5    | Killed an orb of fire
 75553 | Zot:5    | Killed an orb of fire
 75557 | Zot:5    | Noticed a dread lich
 75564 | Zot:5    | Gained mutation: You are weak. (Str -2) [an orb of fire]
 75565 | Zot:5    | Killed an orb of fire
 75568 | Zot:5    | Killed a dread lich
 75577 | Zot:5    | Noticed an ancient lich
 75585 | Zot:5    | Killed an ancient lich
 75586 | Zot:5    | Noticed a dread lich
 75592 | Zot:5    | Killed a dread lich
 75603 | Zot:5    | Noticed an ancient lich
 75615 | Zot:5    | Killed an ancient lich
 75723 | Zot:5    | Lost mutation: You possess an exceptional clarity of mind.
                  | [potion of mutation]
 75723 | Zot:5    | Lost mutation: You are weak. (Str -2) [potion of mutation]
 75723 | Zot:5    | Lost mutation: Your body sometimes deteriorates upon taking
                  | damage. [potion of mutation]
 75723 | Zot:5    | Lost mutation: Your spells are a little easier to cast, but
                  | a little less powerful. [potion of mutation]
 75723 | Zot:5    | Gained mutation: You are dopey. (Int -2) [potion of
                  | mutation]
 75723 | Zot:5    | Gained mutation: Your tail ends in a sharp venomous barb.
                  | [potion of mutation]
 75971 | Zot:5    | Noticed a dread lich
 75990 | Zot:5    | Killed a dread lich
 76081 | Zot:5    | Noticed a dread lich
 76083 | Zot:5    | Killed a dread lich
 76430 | Zot:5    | Got the Orb of Zot
 76574 | Zot:4    | Noticed Koiq the pandemonium lord
 76614 | Zot:1    | Noticed Vyetareu the pandemonium lord
 76641 | Zot:1    | Gained mutation: You sometimes lose your temper in combat.
                  | [mutagenic glow]
 76655 | Zot:1    | Gained mutation: Your body sometimes deteriorates upon
                  | taking damage. [mutagenic glow]
 76666 | Zot:1    | Gained mutation: You have hidden genetic defects.
                  | [mutagenic glow]
 76670 | Zot:1    | Lost mutation: Potions are less effective at restoring your
                  | health. [potion of mutation]
 76670 | Zot:1    | Lost mutation: You occasionally lose the ability to drink
                  | potions when taking damage. [potion of mutation]
 76670 | Zot:1    | Lost mutation: Your body sometimes deteriorates upon taking
                  | damage. [potion of mutation]
 76670 | Zot:1    | Lost mutation: You are clumsy. (Dex -2) [potion of
                  | mutation]
 76671 | Zot:1    | Lost mutation: Your tail ends in a sharp venomous barb.
                  | [potion of mutation]
 76671 | Zot:1    | Lost mutation: You are dopey. (Int -2) [potion of mutation]
 76671 | Zot:1    | Gained mutation: Your spells are a little harder to cast,
                  | but a little more powerful. [potion of mutation]
 76672 | Zot:1    | Lost mutation: You have hidden genetic defects. [potion of
                  | mutation]
 76672 | Zot:1    | Lost mutation: Your spells are a little harder to cast, but
                  | a little more powerful. [potion of mutation]
 76672 | Zot:1    | Lost mutation: You sometimes lose your temper in combat.
                  | [potion of mutation]
 76672 | Zot:1    | Gained mutation: Your magical capacity is low. (-10% MP)
                  | [potion of mutation]
 76672 | Zot:1    | Gained mutation: You have hidden genetic defects. [potion
                  | of mutation]
 76672 | Zot:1    | Lost mutation: You have hidden genetic defects. [potion of
                  | mutation]
 76672 | Zot:1    | Gained mutation: You have hidden genetic potential. [potion
                  | of mutation]
 76673 | Zot:1    | Noticed Najity the pandemonium lord
 76677 | Depths:4 | Gained mutation: You occasionally lose the ability to drink
                  | potions when taking damage. [mutagenic glow]
 76757 | D:15     | Noticed Qeum the pandemonium lord
 76774 | D:15     | Killed Qeum the pandemonium lord
 76775 | D:15     | Noticed Idamp the pandemonium lord
 76788 | D:14     | Noticed Vawkoen the pandemonium lord
 76794 | D:14     | Killed Vawkoen the pandemonium lord
 77064 | D:$      | Escaped with the Orb!

Illustrated notes

Levels and vault maps discovered:
D:1:      heliophobic_arrival_dark_side_of_the_moon, layout_basic,
          minmay_tetromino_l2
D:2:      layout_basic, basic_altar, hellmonk_ecumenical_altar_watching_god,
          grunt_ministairs_4, dk_noncrumbling_3
D:3:      layout_basic, elyvilon_altar_4, nicolae_overflow_two_pavilions,
          uniq_jessica
D:4:      layout_loops_corners, nicolae_overflow_squiral,
          minmay_temple_entry_fiery, minmay_liquid_box
D:5:      layout_loops_cross
D:6:      layout_basic, nzn_wu_jian_council_hall
D:7:      layout_loops_corners, general_overflow_altar, serial_shops, shop,
          nicolae_benzene_ring, uniq_jeremiah
D:8:      lemuel_bear_cage, layout_basic, kennysheep_mini, serial_shops, shop,
          grunt_tough_drop, uniq_psyche
D:9:      layout_basic, erik_lair_orcish_takeover, serial_shops,
          nicolae_shop_overgrown_old_shop, hex_medium, glass_columns_a
D:10:     layout_big_octagon, serial_undead, serial_undead_e, serial_undead_e,
          serial_undead_e, serial_undead_f, serial_undead_b, kennysheep_potato
D:11:     layout_loops_cross, minmay_orc_entry_guard_dogs,
          gammafunk_ghost_split, nemelex_xobeh_ov_fountains_minmay
D:12:     minmay_the_grid_four_pointed_star [minmay_the_grid_triangle_9x9_sprig,
          minmay_the_grid_triangle_9x9_semitri,
          minmay_the_grid_triangle_9x9_swiss_cheese,
          minmay_the_grid_triangle_9x9_negative_grid,
          minmay_the_grid_prize_shrinking_boxes], layout_loops_corners,
          portal_ice_cave_rime
D:13:     hangedman_surveillance_ring, layout_basic,
          nicolae_tso_swordbearing_angel
D:14:     layout_roguey, grunt_vaults_entry_fortified, grunt_gozag_statues,
          st_stairs_6, makhleb_altar_promises_db, uniq_lodul, uniq_josephine,
          uniq_frances
D:15:     hangedman_depths_entry_civil_slaughter, layout_basic,
          amcnicky_mini_pool_small
Temple:   jpeg_temple_clearing
Lair:1:   layout_cave_pods, uniq_fannar, uniq_erica, uniq_amaemon
Lair:2:   layout_cave_pods, mainiacjoe_shoals_entry_four_pools,
          grunt_forest_small_clearing_treed, serial_bayou_shore_a
Lair:3:   layout_hall_layers, hellmonk_spider_entry_life_and_decay
Lair:4:   layout_cellular_growth, eino_small_chamber_without_monster,
          grunt_megastairs_2, lemuel_fruit_fields
Lair:5:   grunt_lair_end_beastmaster, layout_regular_city, slime_entry_1
Shoals:1: layout_shoals, uniq_mlioglotl, uniq_jorgrun, uniq_roxanne
Shoals:2: layout_shoals, nicolae_shop_firing_range, uniq_kirke, uniq_louise,
          uniq_ilsuiw
Shoals:3: layout_shoals, serial_shops, shop
Shoals:4: shoals_end_grunt_ice, layout_shoals
Spider:1: layout_spider_delve
Spider:2: layout_spider_delve, hellmonk_deceptive_appearances
Spider:3: layout_chambers, drop_trap, uniq_aizul
Spider:4: spider_rune_water, nicolae_spider_altar_of_dancing, uniq_agnes
Orc:1:    layout_caves, basic_altar, minmay_shop_enchanted_jewellery
Orc:2:    st_orc_pillars, layout_caves
Elf:1:    layout_gridlike, minmay_elf_necromancy, uniq_asterion
Elf:2:    elven_hall_of_blades_hangedman_original [nicolae_blade_bullseye],
          layout_geoelf_octagon, gammafunk_ghost_grave
Elf:3:    minmay_elf_hall_hex, layout_geoelf_octagon, special_room
          [special_room_orc], ebering_ghost_disaster_area
Vaults:1: nicolae_vaults_inception_network, nicolae_vaults_prndl,
          ontoclasm_vaults_chip, v_misc_2, nicolae_vaults_cornered_office,
          nicolae_vaults_more_shelving_1, v_misc_4,
          nicolae_vaults_stepped_doors, nicolae_vaults_double_plus_1,
          layout_vaults_chaotic_city
Vaults:2: v_rooms_3, hangedman_vaults_variations,
          nicolae_vaults_trapezoid_lopsided_2, vaults_room_octagon, v_misc_3,
          nicolae_vaults_oval_intersection, nicolae_vaults_double_plus_2,
          nicolae_vaults_antechamber_and_loot_room,
          nicolae_vaults_big_angled_halls, vaults_room_grunt_arrival_checkpoint,
          vaults_dpeg_emergency_exit, v_misc_28, v_misc_30, layout_vaults_ring,
          uniq_nikola, uniq_bai_suzhen
Vaults:3: nicolae_vaults_network_barrier, minmay_crypt_entry_simple_statues,
          nicolae_vaults_little_squares_5,
          serial_library_hellmonk_reading_circle, v_misc_1,
          nicolae_vaults_offset_grid_hallway_1, nicolae_vaults_double_plus_1,
          ontoclasm_vaults_ring_small, layout_vaults_omnigrid, serial_shops,
          nicolae_shop_drivethru
Vaults:4: vaults_standard_mumra_enter_the_diamond, hangedman_vaults_nails,
          nicolae_vaults_rhombus_6, vaults_mumra_chevron_long,
          vaults_room_fours, nicolae_vaults_network_quinsquares
          [nicolae_vaults_network_quincunx_subvault,
          nicolae_vaults_network_quincunx_subvault,
          nicolae_vaults_network_quincunx_subvault,
          nicolae_vaults_network_quincunx_subvault], nicolae_vaults_tangram_2,
          nicolae_vaults_weapon_check, nicolae_vaults_house_1,
          nicolae_vaults_ninety_degrees, ontoclasm_vaults_loading_screen,
          grunt_vaults_diagonal, layout_vaults_omnicross
Vaults:5: serial_shops, uniq_xtahua
Crypt:1:  layout_regular_city, ebering_ghost_inner_flame
Crypt:2:  layout_misc_corridors, hangedman_blasphemy
Crypt:3:  quadcrypt_mu, uniq_boris
Depths:1: layout_gridville, grunt_pan_entry_sceptre, grunt_qazlal_clouds,
          hell_entry, zin_scriptorium
Depths:2: minmay_swirls_squares, layout_gridville, enter_ziggurat_b,
          grunt_hell_entry_dis_old, minmay_holes, minmay_room_of_horrors,
          rand_demon_pan_entry_3, minmay_staircase_windowed_large, uniq_mara
Depths:3: nzn_winding_woodlands_small [nzn_winding_woodlands_5x15_concentric,
          nzn_winding_woodlands_center_diamonds,
          nzn_winding_woodlands_5x15_pathside_ponds], layout_gridlike,
          hellmouth_2, abyss_entry_crystal, kennysheep_minor_cross,
          nicolae_trove_entry_crystal
Depths:4: grunt_x_marks_the_spot, layout_cave_pools,
          nicolae_abyss_entry_one_way_or_another, hell_entry
Zot:1:    layout_basic, regret_index_zotdec_banners
Zot:2:    kennysheep_bubbly, layout_gridville
Zot:3:    layout_gridlike, lemuel_elevator
Zot:4:    layout_cellular_growth, regret_index_zotdec_twisting_globes,
          hangedman_zot_decor_slant, grunt_ministairs_2
Zot:5:    layout_twisted_circle, gammafunk_ghost_grave

Skill      XL: |  1  2  3  4  5  6  7  8  9 10 11 12 13 14 15 16 17 18 19 20 21 22 23 24 25 26 27 |
---------------+----------------------------------------------------------------------------------+-----
Armour         | 1 2 3 4 5 6 7 8 9 10 11 12 13 14 15 16 17 | 17.4
Dodging        | 2 3 4 5 6 7 8 9 10 12 13 15 16 17 | 17.3
Shields        | 1 2 3 4 5 6 7 8 9 10 | 10.2
Maces & Flails | 3 4 5 6 7 8 9 10 11 12 13 14 15 16 17 18 19 20 | 20.0
Fighting       | 4 5 6 7 8 9 10 11 12 13 14 15 16 17 18 19 20 21 22 23 | 23.7
Invocations    | 1 2 3 5 6 7 9 10 11 13 15 16 17 | 17.9
Ranged Weapons | 5 9 11 12 13 14 15 16 17 18 19 20 21 | 21.0
Stealth        | |  7.2

Action                     |  1- 3 |  4- 6 |  7- 9 | 10-12 | 13-15 | 16-18 | 19-21 | 22-24 | 25-27 || total
---------------------------+-------+-------+-------+-------+-------+-------+-------+-------+-------++-------
  Melee: Mace              |    21 |    57 |       |       |       |       |       |       |       ||    78
         Flail             |       |   195 |   310 |   288 |       |       |       |       |       ||   793
         Demon whip        |       |       |       |   834 |  1735 |   155 |       |       |       ||  2724
         Constrict         |       |       |       |       |   285 |   131 |   103 |   131 |   138 ||   788
         Dire flail        |       |       |       |       |       |   194 |       |       |       ||   194
         Punch             |       |       |       |       |       |     5 |       |       |       ||     5
         Eveningstar       |       |       |       |       |       |   135 |       |       |       ||   135
         Great mace        |       |       |       |       |       |   143 |   495 |   814 |   963 ||  2415
   Fire: Heavy crossbow    |       |       |       |       |    63 |   374 |   397 |   391 |   264 ||  1489
 Invoke: Lesser Servant of |       |       |       |     2 |    12 |     6 |     1 |     2 |       ||    23
         Minor Destruction |       |       |       |       |    33 |       |     3 |     1 |       ||    37
         Major Destruction |       |       |       |       |       |     2 |     3 |     4 |     7 ||    16
         Greater Servant o |       |       |       |       |       |     1 |       |     4 |     4 ||     9
Ability: Spit Poison       |     1 |    35 |    59 |    23 |     3 |       |       |       |       ||   121
  Evoke: Wand              |       |       |       |    16 |     6 |     1 |     3 |     1 |     8 ||    35
         Phial of floods   |       |       |       |       |       |       |     1 |     1 |       ||     2
    Use: Scroll            |     1 |     3 |     4 |    11 |    10 |     6 |     9 |    19 |    17 ||    80
         Potion            |     1 |       |       |    16 |     1 |     3 |    11 |    14 |    21 ||    67
   Stab: Sleeping          |       |    17 |     3 |     6 |     6 |       |       |       |     1 ||    33
         Distracted        |       |       |     1 |     1 |     7 |       |       |     1 |     3 ||    13
         Petrified         |       |       |       |       |     7 |       |       |       |       ||     7
         Petrifying        |       |       |       |       |     1 |       |       |       |       ||     1
 Armour: Leather armour    |     9 |    30 |       |       |       |       |       |       |       ||    39
         Ring mail         |       |    36 |       |       |       |       |       |       |       ||    36
         Scale mail        |       |    74 |   198 |   617 |  1092 |  1477 |  1120 |       |       ||  4578
         Skin              |       |       |       |     3 |       |       |       |       |       ||     3
         Storm dragon scal |       |       |       |       |       |       |   171 |  1627 |   526 ||  2324
         Animal skin       |       |       |       |       |       |       |       |       |   740 ||   740
  Dodge: Dodged            |       |    16 |    21 |   129 |   308 |   512 |   461 |   492 |   679 ||  2618
  Block: Tower shield      |    17 |   279 |   365 |  1249 |  1806 |     1 |       |       |       ||  3717

Table legend: (Time is in decaauts)
 A = Elapsed time spent in this place.
 B = Non-inter-level travel time spent in this place.
 C = Inter-level travel time spent in this place.
 D = Time resting spent in this place.
 E = Time spent auto-exploring this place.
 F = Levels seen in this place.
 G = Mean time per level.
                   A        B        C        D        E       F      G
               +--------+--------+--------+--------+--------+-----+--------+
         Total |  95476 |  85922 |   9554 |  21445 |  45853 |  56 | 1704.9 |
       Dungeon |  25230 |  21510 |   3720 |   3112 |  12945 |  15 | 1682.0 |
        Temple |      1 |      1 |      0 |      0 |      0 |   1 |    1.0 |
          Lair |   8413 |   7037 |   1376 |    383 |   5058 |   5 | 1682.6 |
        Shoals |   7967 |   7275 |    692 |   3067 |   2693 |   4 | 1991.8 |
   Spider Nest |   9596 |   9305 |    291 |   4712 |   3247 |   4 | 2399.0 |
  Orcish Mines |   2812 |   2528 |    284 |    343 |   1483 |   2 | 1406.0 |
   Elven Halls |   5515 |   5373 |    142 |   2016 |   2321 |   3 | 1838.3 |
        Vaults |  12472 |  11158 |   1314 |   2742 |   6527 |   5 | 2494.4 |
         Crypt |   7492 |   7075 |    417 |   2491 |   3336 |   3 | 2497.3 |
        Depths |   7422 |   6665 |    757 |   1695 |   3656 |   4 | 1855.5 |
           Zot |   7021 |   6464 |    557 |    827 |   4203 |   5 | 1404.2 |
         Abyss |    508 |    508 |      0 |     55 |     56 |   3 |  169.3 |
         Trove |    103 |    103 |      0 |      0 |      8 |   1 |  103.0 |
      Ice Cave |    918 |    918 |      0 |      0 |    313 |   1 |  918.0 |
               +--------+--------+--------+--------+--------+-----+--------+

Top non-repeatable levels by time:
 Crypt:3: 3994 daAuts
Spider:4: 3830 daAuts
Vaults:1: 3243 daAuts
   Elf:3: 3131 daAuts
Spider:3: 2922 daAuts
Vaults:3: 2809 daAuts
     D:9: 2704 daAuts
Vaults:2: 2555 daAuts
 Crypt:2: 2402 daAuts
    D:14: 2283 daAuts
    D:11: 2200 daAuts
   Zot:5: 2164 daAuts
Shoals:1: 2144 daAuts
Depths:3: 2117 daAuts
     D:8: 2077 daAuts
